cohdb
Replays
Latest Replays
All Replays
Popular Replays
Top Player Replays
Match Explorer
How It Works
Community
CoH3 Stats
Reddit
Sign in to upload your games and track your stats! →
Sign in with Steam
Match 41460278
Unlisted
Match 41460278
Overview
Messages
Build Orders
End
Pioneer Squad
Construct Infanterie Kompanie
Selects Luftwaffe Battlegroup
Selects Luftwaffe Pioneer Support
MG 42 Machine Gun Team
MG 42 Machine Gun Team
Construct Panzergrenadier Kompanie
251 Medium Carrier
Selects Stuka Strafing Run
Selects Fallschirmjäger Squad Paradrop
Fallschirmjäger Squad Paradrop
Fallschirmjäger Squad Paradrop
Panzergrenadier Officer Quarters
Stuka Strafing Run
Construct Panzer Kompanie
Stuka Strafing Run
Cool Whhip
qwedcasxz
BeerGrills
BananaInPajamas
0
0
Comments
sign in to comment!
No comments posted yet!